 Dungeon Sprint DCSS version 0.24.0-125-gc4c63601f3 (webtiles) character file.

Game seed: 1447644544391733501, levelgen mode: deterministic

1000000 Ponchio the Warrior (level 11, 89/118 HPs)
             Began as a Yellow Draconian Berserker on Mar 4, 2020.
             Was a Follower of Trog.
             Got out of the dungeon alive.
             The game lasted 00:00:36 (10 turns).

Ponchio the Warrior (Yellow Draconian Berserker)      Turns: 10, Time: 00:00:37

Health: 89/118     AC:  7    Str: 20    XL:     11   Next: 71%
Magic:  11/11      EV: 22    Int:  7    God:    Trog [*.....]
Gold:   0          SH:  0    Dex: 14    Spells: 10/10 levels left

rFire    . . .     SeeInvis .   i - +∞ Axe of Woe
rCold    . . .     Gourm    .   (shield currently unavailable)
rNeg     . . .     Faith    .   (armour unavailable)
rPois    .         Spirit   .   (helmet restricted)
rElec    .         Reflect  .   (no cloak)
rCorr    +         Harm     .   (no gloves)
MR       .....     NoTele   +   (no boots)
Stlth    +.........             (no amulet)
HPRegen  0.29/turn              (no ring)
MPRegen  0.12/turn              (no ring)

@: no status effects
A: spit acid, unfitting armour, cold-blooded, acid resistance, AC +7
a: Breathe Acid, Berserk, Renounce Religion


You escaped.
You worshipped Trog.
Trog was aware of your devotion.
You were not hungry.

You visited 1 branch

Inventory:

Hand Weapons
 a - a +0 hand axe
 i - the +∞ Axe of Woe (weapon)
   (You found it in the Dungeon)
Scrolls
 h - a scroll of blinking
Potions
 c - a potion of curing
 d - a potion of heal wounds
 e - a potion of haste
 f - 2 potions of magic
 g - a potion of berserk rage
Comestibles
 b - a ration


   Skills:
 + Level 17.9 Fighting
 + Level 16.6 Axes
 + Level 15.5 Dodging


You had 10 spell levels left.
You didn't know any spells.
Your spell library was empty.

Dungeon Overview and Level Annotations

Branches:
Dungeon (1/1)

Altars:
Makhleb


Innate Abilities, Weirdness & Mutations

You can spit globs of acid.
Your golden yellow scales are hard. (AC +7)
You cannot fit into any form of body armour.
You are cold-blooded and may be slowed by cold attacks.
You are resistant to acid. (rCorr)


Message History

You have reached level 11!
The meat berserker appears out of thin air!
A meat berserker comes into view. It is wielding a +9 battleaxe.
The bag of meat appears out of thin air!
A bag of meat comes into view. It is wielding a +9 war axe.
The meat berserker shouts!
The bag of meat shouts!
You hear a shout! x15
Unknown command.
Unknown command.
Are you sure you want to leave the Dungeon?
This will make you lose the game!
Alright, then stay!
Are you sure you want to leave the Dungeon?
This will make you lose the game!
The meat berserker appears out of thin air!
You hear a shout! x4
The bag of meat hits you with a +9 war axe!
You hear a shout! x2
The bag of meat hits you with a +9 war axe!!
You hear a shout! x2
The bag of meat closely misses you.
You hear a shout! x2
You have escaped!

.O .. #. .# #..
..# .###..
..###.
......###o.....
....._.....
#..oo.# #_.@o_#
#..oo.#
....._....O
......###......
.###.o ..###.
#.. ..# #. .#
.. ..


You could see 2 meat berserkers and 7 bags of meat.

Vanquished Creatures
  An orc (D)
1 creature vanquished.

Notes
Turn   | Place    | Note
-------+----------+-------------------------------------------
     0 | D        | Found the +∞ Axe of Woe
     0 | D        | Ponchio the Draconian Berserker began the quest for the
                  | Orb.
     0 | D        | Reached XP level 1. HP: 19/19 MP: 1/1
     2 | D        | Noticed a bag of meat
     3 | D        | Noticed a bag of meat
     3 | D        | Noticed a bag of meat
     4 | D        | Noticed a bag of meat
     7 | D        | Noticed a bag of meat
     7 | D        | Noticed a bag of meat
     7 | D        | Noticed a bag of meat
     8 | D        | Killed a bag of meat
     8 | D        | Reached skill level 17 in Fighting
     8 | D        | Reached skill level 15 in Dodging
     8 | D        | Reached XP level 2. HP: 52/52 MP: 2/2
     8 | D        | Reached XP level 3. HP: 59/59 MP: 3/3
     8 | D        | Reached XP level 4. HP: 68/68 MP: 4/4
     8 | D        | Reached XP level 5. HP: 74/74 MP: 5/5
     8 | D        | Reached XP level 6. HP: 82/82 MP: 6/6
     8 | D        | Your scales start taking on a golden yellow colour.
     8 | D        | Reached XP level 7. HP: 89/89 MP: 7/7
     8 | D        | Gained mutation: You are resistant to acid. (rCorr) [Yellow
                  | Draconian growth]
     8 | D        | Reached XP level 8. HP: 97/97 MP: 8/8
     8 | D        | Reached XP level 9. HP: 104/104 MP: 9/9
     8 | D        | Reached XP level 10. HP: 112/112 MP: 10/10
     8 | D        | Reached XP level 11. HP: 118/118 MP: 11/11
     8 | D        | Noticed a meat berserker
     8 | D        | Noticed a bag of meat
    10 | D        | Noticed a meat berserker
    10 | D        | Got out of the dungeon alive.

Levels and vault maps discovered:
D:        meatsprint

Skill      XL: |  1 |
---------------+----+-----
Fighting       | 17 | 17.9
Axes           | 16 | 16.6
Dodging        | 15 | 15.5

Action                   |  1- 3 |  4- 6 |  7- 9 | 10-12 || total
-------------------------+-------+-------+-------+-------++-------
Melee: Executioner's axe |     1 |       |       |       ||     1
Dodge: Dodged            |       |       |       |     1 ||     1
